 Dungeon Crawl Stone Soup version 0.28.0-47-ge53b351184 (webtiles) character file.

Game seed: 8920021161447401753

51 GigaChad the Slasher (level 3, 0/33 HPs)
             Began as a Minotaur Chaos Knight on Apr 25, 2022.
             Was a Plaything of Xom.
             Slain by an adder (1 damage)
             ... on level 2 of the Dungeon.
             The game lasted 00:03:04 (605 turns).

GigaChad the Slasher (Minotaur Chaos Knight)         Turns: 605, Time: 00:03:05

Health: 0/33       AC:  5    Str: 16    XL:     3   Next: 57%
Magic:  2/2        EV: 11    Int:  9    God:    Xom [..*...]
Gold:   35         SH:  0    Dex: 11    Spells: 2/2 levels left

rFire   . . .      SeeInvis .   a - +0 falchion (chaos)
rCold   . . .      Faith    .   (no shield)
rNeg    . . .      Spirit   .   b - +2 leather armour
rPois   .          Reflect  .   (helmet restricted)
rElec   .          Harm     .   (no cloak)
rCorr   .          Rampage  .   (no gloves)
Will    .....                   (no boots)
Stlth   +.........              (no amulet)
HPRegen 0.11/turn               (no ring)
MPRegen 0.08/turn               (no ring)

@: lethally poisoned (0 -> -5)
A: horns 2, retaliatory headbutt
a: Renounce Religion


You were on level 2 of the Dungeon.
You worshipped Xom.
You were a toy of Xom.
You visited 1 branch of the dungeon, and saw 2 of its levels.

You collected 35 gold pieces.

Inventory:

Hand Weapons
 a - a +0 falchion of chaos (weapon)
Missiles
 g - 6 poisoned darts (quivered)
Armour
 b - a +2 leather armour (worn)
Jewellery
 h - a ring of fire
Scrolls
 c - a scroll of immolation {unknown}
 f - 2 scrolls of noise
Potions
 d - a potion of degeneration {unknown}
 e - a potion of brilliance {unknown}


   Skills:
 + Level 4.3 Fighting
 + Level 4.7 Long Blades
 + Level 2.8 Armour
 + Level 1.5 Dodging


You had 2 spell levels left.
You didn't know any spells.
Your spell library contained the following spells:

 Spells                   Type           Power      Damage    Failure   Level
 Inner Flame              Hex/Fire       0%         N/A       82%         3
 Cause Fear               Hex            0%         N/A       99%         4
 Discord                  Hex            0%         N/A       100%        8


Dungeon Overview and Level Annotations

Branches:
Dungeon (2/15)

Altars:


Innate Abilities, Weirdness & Mutations

You have a pair of horns on your head.
You reflexively headbutt those who attack you in melee.


Message History

Jessica seems to speed up.
Jessica barely misses you.
An adder comes into view.
Jessica barely misses you. The rat bites you but does no damage.
The adder hisses angrily.
You hit Jessica but do no damage. Your headbutt misses Jessica.
Jessica hits you with a +0 dagger. The rat bites you but does no damage.
Jessica drinks a potion.
Jessica seems to grow stronger.
Jessica gestures at you while chanting. Pain shoots through your body!
You hit Jessica. You burn Jessica.
Jessica is moderately wounded.
Jessica hits you with a +0 dagger!
* * * LOW HITPOINT WARNING * * *
You slash Jessica! You freeze Jessica.
You kill Jessica!
The adder closely misses you. You furiously retaliate!
You headbutt the adder. The adder closely misses you.
You have reached level 3!
Your experience leads to an increase in your attributes!
Increase (S)trength, (I)ntelligence, or (D)exterity?
You feel agile. x2
You barely miss the rat. The adder bites you.
* * * LOW HITPOINT WARNING * * *
The rat bites you but does no damage. The adder closely misses you.
The rat bites you but does no damage.
The adder bites you but does no damage. x2
You hit the rat.
You kill the rat!
The adder bites you but does no damage. The adder bites you.
* * * LOW HITPOINT WARNING * * *
You are lethally poisoned!
The adder poisons you!
You barely miss the adder.
The adder is lightly wounded.
* * * LOW HITPOINT WARNING * * *
You feel sick. The adder bites you.
You die... "Boring in life, boring in death..."

######## #.>....####
#....$....# #
#.........###..
#.....@.>.....#
###########....†S......#
#...............)..###.#
#.#########......#...#
.................#.#.#
.#.#.#.#.#.#.#...#.#.#
..#............#.... .
.#.#.#...#.#.#.....# #
...............###...


You could see an adder.

Vanquished Creatures
  Jessica (D:2)
  2 bats
  2 endoplasms (D:1)
  3 giant cockroaches (D:1)
  2 goblins (D:1)
  2 hobgoblins (D:1)
  A quokka (D:1)
  3 ball pythons
  2 frilled lizards (D:1)
  2 kobolds (D:1)
  4 rats
24 creatures vanquished.

Notes
Turn   | Place    | Note
-------+----------+-------------------------------------------
     0 | D:1      | GigaChad the Minotaur Chaos Knight began the quest for the
                  | Orb.
     0 | D:1      | Reached XP level 1. HP: 19/19 MP: 0/0
    43 | D:1      | XOM: potion effect (curing)
   120 | D:1      | Reached XP level 2. HP: 23/27 MP: 1/1
   492 | D:2      | XOM: smoke on damage
   590 | D:2      | Noticed Jessica
   599 | D:2      | Killed Jessica
   600 | D:2      | Reached XP level 3. HP: 5/33 MP: 2/2
   605 | D:2      | HP: 1/33 [poisoned by an adder]
   605 | D:2      | Slain by an adder

Illustrated notes

Levels and vault maps discovered:
D:1:      ncdulo_lavacross, layout_basic, minmay_misc_feat_chi
D:2:      layout_rooms, chequers_serial_rivers_room_a, grunt_decor_junction,
          hangedman_decor_riveting, uniq_jessica

Skill      XL: |  1  2 |
---------------+-------+-----
Long Blades    | 4 |  4.7
Fighting       | 4 |  4.3
Armour         | |  2.8
Dodging        | |  1.5

Action                   || total
-------------------------++-------
Melee: Falchion          ||    57
  Use: Scroll            ||     2
Armor: Leather armour    ||    35
Dodge: Dodged            ||    57
